 Dungeon Crawl Stone Soup version 0.25-a0-308-geac7954 (console) character file.

Game seed: 314679774044186703, levelgen mode: deterministic

52 swinepaste the Vexing (level 3, -3/19 HPs)
             Began as a Vampire Enchanter on Dec 22, 2019.
             Slain by a big kobold
             ... wielding a +0 halberd
              (9 damage)
             ... on level 3 of the Dungeon.
             The game lasted 00:04:44 (2342 turns).

swinepaste the Vexing (Vampire Enchanter)           Turns: 2342, Time: 00:04:44

Health: -3/19      AC:  3    Str:  7    XL:     3   Next: 60%
Magic:  0/6        EV: 12    Int: 18    God:
Gold:   105        SH:  0    Dex: 14    Spells: 1/7 levels left

rFire    . . .     SeeInvis +   a - +1 dagger
rCold    + + .     Gourm    .   (no shield)
rNeg     + + +     Faith    .   b - +0 robe
rPois    ∞         Spirit   .   i - +0 helmet
rElec    .         Reflect  .   (no cloak)
rCorr    .         Harm     .   (no gloves)
MR       .....                  (no boots)
Stlth    +++++.....             (no amulet)
HPRegen  0.00/turn              (no ring)
MPRegen  0.10/turn              (no ring)

@: bloodless
A: no food, fangs 3, see invisible, unbreathing
a: Bat Form, Revivify


You were on level 3 of the Dungeon.
You were bloodless.

You visited 1 branch of the dungeon, and saw 3 of its levels.

You collected 105 gold pieces.

Inventory:

Hand Weapons
 a - a +1 dagger (weapon)
Missiles
 g - 14 poisoned darts (quivered)
Armour
 b - a +0 robe (worn)
 i - a +0 helmet (worn)
Scrolls
 c - a scroll of teleportation {unknown}
 d - 3 scrolls of identify {unknown}
 e - a scroll of enchant weapon {unknown}
 f - a scroll of amnesia {unknown}
 h - 2 scrolls of enchant armour {unknown}
Potions
 j - a potion of resistance {unknown}
 k - a potion of flight {unknown}
 l - a potion of mutation {unknown}


   Skills:
 - Level 1.1 Short Blades
 - Level 2.1 Dodging
 - Level 4.4 Stealth
 + Level 2.5 Spellcasting
 * Level 5.9 Hexes
 - Level 1.0 Ice Magic


You had one spell level left.
You knew the following spells:

 Your Spells              Type           Power        Failure   Level  Hunger
a - Corona                Hex            ###....      1%          1    N/A
c - Confuse               Hex            ###.....     4%          3    N/A
e - Ensorcelled Hibernat  Hex/Ice        ##....       6%          2    N/A

Your spell library contained the following spells:

 Spells                   Type           Power        Failure   Level  Hunger
 Tukima's Dance           Hex            ###.....     4%          3    N/A
 Dazzling Flash           Conj/Hex       ##....       16%         3    N/A

Dungeon Overview and Level Annotations

Branches:
Dungeon (3/15)

Altars:
Yredelemnul


Innate Abilities, Weirdness & Mutations

You do not eat.
You do not regenerate when monsters are visible.
You are frail without blood (-20% HP).
You can heal yourself when you bite living creatures.
You are immune to poison.
You have razor-sharp teeth.
You have supernaturally acute eyesight. (SInv)
You can survive without breathing.


Message History

Press: ? - help, Shift-Dir - straight line, f - big kobold
Aim: a big kobold, wielding a +0 halberd (chance to defeat MR: 45%)
The big kobold resists with some effort.
The big kobold barely misses you.
Casting: Ensorcelled Hibernation (safe; 6% risk of failure)
Confirm with . or Enter, or press ? or * to list all spells.
Aiming: Ensorcelled Hibernation (safe; 6% risk of failure)
Press: ? - help, Shift-Dir - straight line, f/p - big kobold
Aim: a big kobold, wielding a +0 halberd (chance to defeat MR: 45%)
The big kobold resists with some effort.
The big kobold hits you from afar with a +0 halberd!
Ouch! That really hurt!
Casting: Ensorcelled Hibernation (safe; 6% risk of failure)
Confirm with . or Enter, or press ? or * to list all spells.
Aiming: Ensorcelled Hibernation (safe; 6% risk of failure)
Press: ? - help, Shift-Dir - straight line, f/p - big kobold
Aim: a big kobold, wielding a +0 halberd (chance to defeat MR: 45%)
The big kobold resists with some effort.
The big kobold hits you from afar with a +0 halberd!
You die...

#.. ...
#.. ...
#.# ..
#.##K#
#.#..
#.#.#
#.#.####
#V.K...#
###.##.#
.# [# <#
.# .. ##


You could see a big kobold.

Vanquished Creatures
  An adder (D:2)
  An ooze (D:1)
  2 worms (D:2)
  A dart slug (D:2)
  2 leopard geckos
  A giant cockroach (D:1)
  A goblin (D:2)
  6 hobgoblins
  2 jackals (D:2)
  A quokka (D:2)
  5 bats
  A frilled lizard (D:1)
  5 rats
29 creatures vanquished.

Notes
Turn   | Place    | Note
-------+----------+-------------------------------------------
     0 | D:1      | swinepaste the Vampire Enchanter began the quest for the
                  | Orb.
     0 | D:1      | Reached XP level 1. HP: 13/13 MP: 3/3
   275 | D:1      | Reached skill level 5 in Hexes
   275 | D:1      | Reached XP level 2. HP: 17/19 MP: 5/5
   286 | D:1      | Learned a level 2 spell: Ensorcelled Hibernation
  1441 | D:2      | Reached skill level 1 in Ice Magic
  1505 | D:2      | Found a basalt altar of Yredelemnul.
  1510 | D:2      | Reached XP level 3. HP: 19/19 MP: 6/6
  1848 | D:2      | Learned a level 3 spell: Confuse
  2253 | D:3      | Noticed a big kobold
  2342 | D:3      | Slain by a big kobold

Levels and vault maps discovered:
D:1:      ebering_trefoil_3fold, layout_basic, minmay_misc_feat_diagonals,
          minmay_misc_feat_x
D:2:      layout_loops_ring, overflow_temple_1_default
D:3:      layout_loops_ring, nicolae_overflow_hidden_temple, ebering_ghost_gozag

Skill      XL: |  1  2 |
---------------+-------+-----
Hexes          | 5 |  5.9
Ice Magic      | 1 |  1.0
Short Blades   | |  1.1
Dodging        | |  2.1
Stealth        | |  4.4
Spellcasting   | |  2.5

Action                   || total
-------------------------++-------
Melee: Dagger            ||    82
       Bite              ||     4
 Cast: Ensorcelled Hiber ||    18
 Abil: Exsanguinate      ||     1
 Stab: Sleeping          ||    20
Armor: Robe              ||    18
Dodge: Dodged            ||    43

Table legend:
 A = Non-vault XP
 B = Vault XP
 C = Vault XP percentage of total XP
 D = Non-vault monster count
 E = Vault monster count
 F = Vault count percentage of total count
                 A         B        C        D         E       F
            +---------+---------+-------+---------+---------+-------
      Total |      75 |       0 |   0.0 |      29 |       0 |   0.0
            +---------+---------+-------+---------+---------+-------
        D:1 |      23 |       0 |   0.0 |      11 |       0 |   0.0
        D:2 |      52 |       0 |   0.0 |      18 |       0 |   0.0
            +---------+---------+-------+---------+---------+-------
